 Dungeon Sprint DCSS version 0.16-a0-4060-g00983b4 (webtiles) character file.

630652 BluebellGnoll the Minotaur Barricade (level 22, 248/248 HPs)
             Began as a Minotaur Gladiator on Feb 20, 2015.
             Was the Champion of Qazlal.
             Escaped with the Orb!
             The game lasted 01:29:07 (8858 turns).

BluebellGnoll the Minotaur Barricade (MiGl)         Turns: 8858, Time: 01:29:08

Health: 248/248    AC: 39    Str: 37    XL:     22   Next: 35%
Magic:  50/50      EV: 23    Int:  6    God:    Qazlal [******]
Gold:   0          SH: 46    Dex: 15    Spells: 0 memorised, 51 levels left

rFire  + + +     SeeInvis +     r - +14 obsidian axe {chop, +Fly Str+3 SInv Curse}
rCold  + + .     Clarity  .     I - +5 gold dragon armour
rNeg   + + .     SustAb   .     q - +18 shield of the gong {rElec rN+ MR+ EV-5}
rPois  +         Gourm    .     N - +1 hat
rElec  +         Spirit   .     c - +0 cloak {MR+}
rCorr  +         Warding  .     T - +2 pair of gloves "Sherit" {+Blink MR+ MP+9 Dex-3}
rMut   .         NoTele   +     (no boots)
MR     +++++                    E - amulet of Vitality {Regen+ HP+15}
Stlth  +.........               A - +6 ring of slaying
                                V - ring "Qole" {rF+ rN+ MR+ Int+2}

@: mighty, agile, resistant, very slightly contaminated, hasted, repel missiles,
very quick, almost entirely resistant to hostile enchantments, very unstealthy
A: retaliatory headbutt, horns 2
a: Upheaval, Elemental Force, Disaster Area, Renounce Religion, Evoke Blink,
Evoke Flight
0: Orb of Zot


You escaped.
You worshipped Qazlal.
Qazlal was exalted by your worship.
You were very full.

You visited 1 branch

Inventory:

Hand weapons
 b - a +1 demon trident of flaming
 r - the +14 obsidian axe (weapon) {chop, +Fly Str+3 SInv Curse}
   (You found it in the Dungeon)

   It inflicts extra damage upon your enemies.
   It affects your strength (+3).
   It enhances your eyesight.
   It lets you fly.
   It may recurse itself when equipped.
 S - the +8 war axe of the Hidden Wonders {flame, Str+4}
   (You found it in the Dungeon)

   It has been specially enchanted to burn those struck by it, causing extra
   injury to most foes and up to half again as much damage against particularly
   susceptible opponents.
   Big, fiery blades are also staple armaments of hydra-hunters.
   It affects your strength (+4).
Missiles
 d - 4 throwing nets (quivered)
Armour
 c - a +0 cloak of magic resistance (worn)
 q - the +18 shield of the gong (worn) {rElec rN+ MR+ EV-5}
   (You found it in the Dungeon)

   It affects your evasion (-5).
   It insulates you from electricity.
   It protects you from negative energy.
   It affects your resistance to hostile enchantments.
 I - a +5 gold dragon armour (worn)
 N - a +1 hat (worn)
 T - the +2 pair of gloves "Sherit" (worn) {+Blink MR+ MP+9 Dex-3}
   (You found it in the Dungeon)

   It affects your dexterity (-3).
   It affects your resistance to hostile enchantments.
   It affects your magic capacity (+9).
   It lets you blink.
Rods
 p - a +4 rod of inaccuracy (12/12)
   (You found it in the Dungeon)
 L - a +9 rod of clouds (17/17)
   (You found it in the Dungeon)
Jewellery
 s - the amulet "Hytaax" {Ward rF+ rN+}
   (You took it off an efreet in the Dungeon)

   [amulet of warding]

   It may prevent the melee attacks of summoned creatures.
   It protects you from fire.
   It protects you from negative energy.
 u - the ring of Robustness {AC+8}
   (You found it in the Dungeon)

   [ring of protection]

   It affects your AC (+8).
 A - a +6 ring of slaying (right hand)
 B - the amulet "Baof" {+Rage SInv}
   (You found it in the Dungeon)

   [amulet of rage]

   It enhances your eyesight.
   It lets you go berserk.
 E - the amulet of Vitality (around neck) {Regen+ HP+15}
   (You found it in the Dungeon)

   [amulet of regeneration]

   It affects your health (+15).
   It increases your rate of regeneration.
 M - the ring of Sudoditz {Ice MR++}
   (You found it in the Dungeon)

   [ring of ice]

   It enhances your ice magic, and weakens your fire magic.
   It makes you vulnerable to fire.
   It protects you from cold.
   It affects your resistance to hostile enchantments.
 O - the ring of Zefeesif {rPois rN+ Dex+10}
   (You took it off a draconian shifter in the Dungeon)

   [ring of positive energy]

   It affects your dexterity (+10).
   It protects you from poison.
   It protects you from negative energy.
 R - the ring of Ilek {rC+ MP+9 Int+5}
   (You found it in the Dungeon)

   [ring of magical power]

   It affects your intelligence (+5).
   It protects you from cold.
   It affects your magic capacity (+9).
 V - the ring "Qole" (left hand) {rF+ rN+ MR+ Int+2}
   (You found it in the Dungeon)

   [ring of intelligence]

   It affects your intelligence (+2).
   It protects you from fire.
   It protects you from negative energy.
   It affects your resistance to hostile enchantments.
 Y - the ring of the Median {rElec rC+ MP+9 Int+2}
   (You found it in the Dungeon)

   [ring of magical power]

   It affects your intelligence (+2).
   It protects you from cold.
   It insulates you from electricity.
   It affects your magic capacity (+9).
Magical devices
 l - a wand of disintegration (7)
 m - a wand of fire (8)
 n - a wand of cold (5)
 o - a wand of draining (5)
 t - a wand of hasting (1)
 H - a wand of heal wounds (1)
 J - a wand of hasting (6)
Scrolls
 k - 3 scrolls of blinking
 v - 9 scrolls of fog
 w - 3 scrolls of holy word
 x - 5 scrolls of identify
 y - 2 scrolls of remove curse
 z - 2 scrolls of fear
Potions
 e - 9 potions of curing
 g - 9 potions of heal wounds
 i - 7 potions of magic
 j - 3 potions of berserk rage
 C - 2 potions of restore abilities
 D - 3 potions of resistance
 F - a potion of agility
 G - a potion of might
Miscellaneous
 K - a phantom mirror
 P - a stone of tremors
 Q - an ornate deck of wonders {drawn: 1}
 U - a sack of spiders {used: 1}
 W - a phial of floods
 X - a lamp of fire
 Z - a fan of gales
Comestibles
 a - 40 fruits
 f - 4 bread rations


   Skills:
 O Level 27 Fighting
 O Level 27 Axes
 O Level 27 Maces & Flails
 O Level 27 Throwing
 O Level 27 Armour
 O Level 27 Dodging
 - Level 25.4 Stealth
 O Level 27 Shields
 O Level 27 Unarmed Combat
 - Level 15.1 Spellcasting
 O Level 27 Invocations
 O Level 27 Evocations


You had 51 spell levels left.
You didn't know any spells.

Dungeon Overview and Level Annotations

Branches:
Dungeon (1/1)

Altars:
Ashenzari
Cheibriados
Dithmenos
Elyvilon
Fedhas
Gozag
Kikubaaqudgha
Makhleb
Nemelex Xobeh
Okawaru
Qazlal
Ru
Sif Muna
Trog
Vehumet
Xom
Yredelemnul
Zin
The Shining One
Beogh
Jiyva
Lugonu


Innate Abilities, Weirdness & Mutations

You reflexively headbutt those who attack you in melee.
You have a pair of horns on your head.


Message History

You start waiting.
You start waiting.
Eat which item? (? for menu, Esc to quit)
You continue eating. x2
You finish eating.
That bread ration really hit the spot!
Drink which item? (? for menu, Esc to quit)
You feel very mighty all of a sudden.
Drink which item? (? for menu, Esc to quit)
You feel agile all of a sudden.
Drink which item? (? for menu, Esc to quit)
You feel yourself speed up.
You are very lightly contaminated with residual magic.
Drink which item? (? for menu, Esc to quit)
You feel protected.
Drink which item? (? for menu, Esc to quit)
Okay, then.
Read which item? (? for menu, Esc to quit)
As you read the scroll of remove curse, it crumbles to dust.
You feel as if something is helping you.
You have escaped!

............▓..▓.......▓..▓...8©8
............▓.▓▓▓.....▓▓▓.▓..:|))
÷÷..........▓..▓.......▓..▓..§:§§
............▓.............▓.....§
.[..........▓.............▓......
........... ▓▓▓▓▓▓▓▓▓▓▓▓▓▓▓..))))
▓.......▓ ▓8888888888888▓...)()
▓▓.....▓▓ .▓8..§§.......8▓..▓...
▓.......▓...▓8.§@.§...)..8▓.▓....
............▓8....§......8▓......
............▓8888888888888▓▓▓▓▓▓▓
▓▓▓▓▓▓▓▓▓▓▓▓▓▓▓▓▓▓▓▓▓▓▓▓▓▓▓▓▓▓▓▓▓
.....8©8........▓........8©8.....
:.}.§.§§..\}:)).▓.:.)[)}§[})"|[|[
.}[..=:)|:...:).▓.=.|..\)§[:§))}|
}.|.§.).}[.))=?.▓.))..}))=§[)":)|
....§..[........▓.......[=}))....


There were no monsters in sight!

Vanquished Creatures
  A shard shrike (shapeshifter) (D)
  A caustic shrike (shapeshifter) (D)
  71 pandemonium lords (D)
  2 pearl dragons (D)
  6 electric golems (D)
  3 Brimstone Fiends (D)
  3 Ice Fiends (D)
  11 Orb Guardians (D)
  A lich (D)
  5 Hell Sentinels (D)
  A Shadow Fiend (D)
  A deep elf master archer (D)
  2 deep elf blademasters (D)
  A quicksilver dragon (D)
  5 tentacled monstrosities (D)
  2 titans (D)
  A sphinx (D)
  A sphinx (shapeshifter) (D)
  A tentacled starspawn (D)
  An Executioner (D)
  3 eldritch tentacles (D)
  2 shadow dragons (shapeshifter) (D)
  8 storm dragons (D)
  A shadow dragon (D)
  4 daevas (D)
  3 balrugs (D)
  An azure jelly (shapeshifter) (D)
  A black sun (D)
  4 ghost moths (D)
  2 frost giants (D)
  2 deep elf sorcerers (D)
  4 angels (D)
  A warmonger (D)
  2 cacodemons (D)
  2 draconian annihilators (D)
  A draconian shifter (D)
  2 reapers (D)
  A stone giant (shapeshifter) (D)
  3 ophanim (D)
  A deep elf demonologist (D)
  A stone giant (D)
  2 deep elf annihilators (D)
  3 white draconians (D)
  A black draconian (D)
  2 mottled draconians (D)
  A red draconian (D)
  2 purple draconians (D)
  5 lorocyprocas (D)
  2 yellow draconians (D)
  An unborn (D)
  5 blizzard demons (D)
  A great orb of eyes (D)
  6 vault guards (D)
  9 green deaths (D)
  A death ooze (D)
  2 fire dragons (shapeshifter) (D)
  3 fire dragons (D)
  5 ice dragons (D)
  5 spriggan air magi (D)
  3 death cobs (D)
  A centaur warrior (D)
  An anaconda (shapeshifter) (D)
  3 thrashing horrors (D)
  A shock serpent (shapeshifter) (D)
  5 soul eaters (D)
  A hell hog (D)
  4 deep elf knights (D)
  A shadow wraith (D)
  11 sun demons (D)
  3 wretched stars (D)
  2 hell knights (D)
  A sea snake (shapeshifter) (D)
  A flayed ghost (D)
  An infernal demonspawn (D)
  11 ice devils (D)
  A deep elf summoner (D)
  A cherub (D)
  A death drake (shapeshifter) (D)
  A giant orange brain (shapeshifter) (D)
  2 shining eyes (D)
  2 cyclopes (D)
  A harpy (D)
  2 draconians (D)
  6 orb spiders (D)
  8 moths of wrath (D)
  5 wolf spiders (D)
  A griffon (shapeshifter) (D)
  2 phantasmal warriors (D)
  A water nymph (shapeshifter) (D)
  A worldbinder (D)
  4 hornets (D)
  2 hornets (shapeshifter) (D)
  6 rust devils (D)
  8 smoke demons (D)
  A vault sentinel (D)
  10 sixfirhies (D)
  A toenail golem (D)
  An eye of devastation (D)
  2 hellions (D)
  11 orange demons (D)
  A torpor snail (D)
  An efreet (D)
  A kobold demonologist (D)
  A tormentor (D)
  3 yaktaurs (D)
  20 red devils (D)
  A yaktaur (shapeshifter) (D)
  6 water elementals (D)
  12 hellwings (D)
  2 ancient zymes (D)
  8 freezing wraiths (D)
  10 blue devils (D)
  2 merfolk (D)
  3 polar bears (D)
  A raiju (D)
  A wandering mushroom (D)
  2 slime creatures (D)
  8 jumping spiders (D)
  3 wind drakes (D)
  2 demonic crawlers (D)
  A raven (shapeshifter) (D)
  4 deep elf magi (D)
  A basilisk (shapeshifter) (D)
  A shadow (D)
  6 trapdoor spiders (D)
  2 spriggans (D)
  3 tarantellas (D)
  4 redbacks (D)
  11 neqoxecs (D)
  5 air elementals (D)
  7 ynoxinuls (D)
  5 wraiths (D)
  11 chaos spawn (D)
  A golden eye (D)
  2 hippogriffs (D)
  2 hungry ghosts (D)
  A mottled dragon (D)
  A deep elf fighter (D)
  An insubstantial wisp (D)
  A water moccasin (shapeshifter) (D)
  4 hell hounds (D)
  A wolf (D)
  3 ice beasts (D)
  5 spiders (D)
  A sky beast (D)
  2 phantoms (D)
  9 wasps (D)
  A black bear (D)
  13 starcursed masses (D)
  An eye of draining (D)
  A boring beetle (D)
  2 orc warriors (D)
  5 centaurs (D)
  12 large abominations (D)
  5 earth elementals (D)
  3 scorpions (D)
  2 killer bees (D)
  8 small abominations (D)
  2 wights (D)
  A jelly (D)
  3 crimson imps (D)
  5 iron imps (D)
  A quasit (D)
  An orc priest (D)
  An orc wizard (D)
  A sheep (D)
  5 hell rats (D)
  2 worker ants (D)
  3 shadow imps (D)
  6 white imps (D)
  A giant mite (D)
  A giant eyeball (D)
  17 ufetubi (D)
  2 adder zombies (D)
  A spectral adder (D)
  3 adder skeletons (D)
  An adder simulacrum (D)
  4 orcs (D)
  2 spectral bats (D)
  A bat skeleton (D)
  2 goblins (D)
  A bat (D)
  2 bat simulacra (D)
  A giant cockroach simulacrum (D)
  A giant gecko simulacrum (D)
  2 giant gecko zombies (D)
  2 kobolds (D)
  A quokka simulacrum (D)
  A rat (D)
  A spectral giant cockroach (D)
  A spectral jackal (D)
  A butterfly (D)
  2 fungi (D)
  2 starspawn tentacles (D)
  2 tentacles (D)
678 creatures vanquished.

Vanquished Creatures (collateral kills)
  2 shadow dragons (D)
  2 frost giants (D)
  A death ooze (D)
  A blizzard demon (D)
  2 vault guards (D)
  A deep elf high priest (D)
  An ice dragon (D)
  2 soul eaters (D)
  A sun demon (D)
  2 deep elf knights (D)
  A moth of wrath (D)
  A cyclops (D)
  A deep elf priest (D)
  A yaktaur (D)
  A polar bear (D)
  A red devil (D)
  A slime creature (D)
  An air elemental (D)
  A vampire (D)
  A deep elf mage (D)
  A naga (D)
  A spider (D)
  2 earth elementals (D)
  A jelly (D)
  4 white imps (D)
  An ufetubus (D)
  A spectral adder (D)
  3 adder zombies (D)
  2 adder skeletons (D)
  A spectral bat (D)
  A bat skeleton (D)
  A ball python skeleton (D)
  A giant cockroach zombie (D)
  A jackal skeleton (D)
  A quokka skeleton (D)
  A spectral giant cockroach (D)
  A spectral giant gecko (D)
  A starspawn tentacle (D)
50 creatures vanquished.

Vanquished Creatures (others)
  2 very ugly things (D)
  A white draconian (D)
  A rakshasa (D)
  A soul eater (D)
  A sun demon (D)
  A spatial maelstrom (D)
  An ugly thing (D)
  3 fire elementals (D)
  5 air elementals (D)
  A moth of wrath (shapeshifter) (D)
  An orange demon (D)
  2 smoke demons (D)
  A hellwing (D)
  A red devil (D)
  A blue devil (D)
  A flying skull (D)
  4 trapdoor spiders (D)
  A neqoxec (D)
  15 water elementals (D)
  2 chaos spawn (D)
  3 earth elementals (D)
  A black bear (shapeshifter) (D)
  A giant eyeball (shapeshifter) (D)
  3 ufetubi (D)
  A bat skeleton (D)
  A hobgoblin (D)
  A goblin (D)
  A lurking horror (D)
  A butterfly (D)
  34 eldritch tentacle segments (D)
  A singularity (D)
  A starspawn tentacle (D)
  97 starspawn tentacle segments (D)
  4 tentacles (D)
  77 tentacle segments (D)
273 creatures vanquished.

Grand Total: 1001 creatures vanquished

Notes
Turn   | Place    | Note
--------------------------------------------------------------
     0 | D        | BluebellGnoll, the Minotaur Gladiator, began the quest for the Orb.
     0 | D        | Reached XP level 1. HP: 18/18 MP: 1/1
     0 | D        | Found a viscous altar of Jiyva.
     0 | D        | Found a corrupted altar of Lugonu.
     0 | D        | Found a white marble altar of Elyvilon.
     2 | D        | Found a sparkling altar of Nemelex Xobeh.
     2 | D        | Found a burning altar of Makhleb.
     3 | D        | Found a deep blue altar of Sif Muna.
     3 | D        | Found a bloodstained altar of Trog.
     4 | D        | Banished a spatial maelstrom
     6 | D        | Found an iron altar of Okawaru.
    17 | D        | Found a radiant altar of Vehumet.
    35 | D        | Found a basalt altar of Yredelemnul.
    36 | D        | Found a shimmering altar of Xom.
    56 | D        | Reached skill level 8 in Armour
    56 | D        | Reached XP level 2. HP: 25/25 MP: 1/1
    61 | D        | Became a worshipper of Qazlal Stormbringer
    71 | D        | Entered arena 1.
    71 | D        | Noticed a tarantella
    75 | D        | Reached skill level 1 in Shields
    84 | D        | Killed a tarantella
    84 | D        | Reached XP level 3. HP: 23/41 MP: 2/2
    84 | D        | Reached XP level 4. HP: 27/49 MP: 2/2
    84 | D        | Reached XP level 5. HP: 30/56 MP: 2/2
   227 | D        | Entered arena 2.
   227 | D        | Noticed a hell hound
   227 | D        | Noticed a hell hound
   229 | D        | Killed a hell hound
   229 | D        | Acquired Qazlal's first power
   229 | D        | Reached skill level 10 in Fighting
   230 | D        | Reached XP level 6. HP: 63/66 MP: 3/3
   233 | D        | Killed a hell hound
   233 | D        | Reached skill level 11 in Fighting
   251 | D        | Entered arena 3.
   251 | D        | Noticed a mottled dragon
   251 | D        | Noticed a vault sentinel
   251 | D        | Noticed a kobold demonologist
   251 | D        | Noticed a yaktaur
   256 | D        | Killed a mottled dragon
   256 | D        | Acquired Qazlal's second power
   256 | D        | Reached skill level 5 in Axes
   256 | D        | Killed a kobold demonologist
   256 | D        | Reached skill level 12 in Fighting
   256 | D        | Reached XP level 7. HP: 74/78 MP: 3/3
   258 | D        | Killed a yaktaur
   258 | D        | Reached skill level 13 in Fighting
   258 | D        | Reached skill level 10 in Axes
   258 | D        | Reached XP level 8. HP: 80/86 MP: 3/3
   261 | D        | Killed a vault sentinel
   261 | D        | Acquired Qazlal's third power
   261 | D        | Reached skill level 14 in Fighting
   288 | D        | Entered arena 4.
   288 | D        | Noticed a black bear
   288 | D        | Noticed a spriggan
   288 | D        | Noticed a spriggan
   288 | D        | Noticed a wolf
   289 | D        | Killed a wolf
   290 | D        | Killed a spriggan
   292 | D        | Killed a spriggan
   298 | D        | Killed a black bear
   317 | D        | Entered arena 5.
   317 | D        | Noticed a death cob
   317 | D        | Noticed a draconian
   317 | D        | Noticed a death cob
   317 | D        | Noticed a death cob
   317 | D        | Noticed a draconian
   321 | D        | Killed a death cob
   321 | D        | Acquired Qazlal's fourth power
   321 | D        | Reached skill level 15 in Fighting
   321 | D        | Reached XP level 9. HP: 73/100 MP: 4/4
   321 | D        | Killed a death cob
   321 | D        | Reached skill level 16 in Fighting
   321 | D        | Reached skill level 15 in Axes
   323 | D        | Killed a death cob
   323 | D        | Reached skill level 17 in Fighting
   323 | D        | Reached XP level 10. HP: 79/111 MP: 4/4
   328 | D        | Killed a draconian
   329 | D        | Killed a draconian
   329 | D        | Acquired Qazlal's fifth power
   334 | D        | Got the ring of Sudoditz {Ice MR++}
   336 | D        | Got the amulet "Pnetiume" {Inacc rElec rF- rC+ Str+4 Stlth-}
   440 | D        | Entered arena 6.
   440 | D        | Noticed an earth elemental
   440 | D        | Noticed an earth elemental
   440 | D        | Noticed an earth elemental
   440 | D        | Noticed an earth elemental
   440 | D        | Noticed an earth elemental
   440 | D        | Noticed an earth elemental
   445 | D        | Killed an earth elemental
   447 | D        | Killed an earth elemental
   449 | D        | Killed an earth elemental
   450 | D        | Killed an earth elemental
   451 | D        | Killed an earth elemental
   451 | D        | Reached skill level 18 in Fighting
   452 | D        | Killed an earth elemental
   471 | D        | Entered arena 7.
   471 | D        | Noticed a quasit
   471 | D        | Noticed a hell hound
   471 | D        | Noticed a hell hound
   471 | D        | Noticed an iron imp
   475 | D        | Killed a hell hound
   476 | D        | Killed a hell hound
   477 | D        | Killed an iron imp
   478 | D        | Killed a quasit
   483 | D        | Got the ring of Akkiel {-Tele MR+ Dex+6 SInv}
   504 | D        | Entered arena 8.
   504 | D        | Noticed a cyclops
   504 | D        | Noticed a cyclops
   504 | D        | Noticed a yaktaur
   504 | D        | Noticed a cyclops
   504 | D        | Noticed a yaktaur
   504 | D        | Noticed a centaur
   504 | D        | Noticed a centaur warrior
   510 | D        | Killed a centaur warrior
   510 | D        | Reached skill level 19 in Fighting
   511 | D        | Killed a yaktaur
   511 | D        | Killed a yaktaur
   512 | D        | Killed a centaur
   516 | D        | Killed a cyclops
   516 | D        | Reached skill level 20 in Fighting
   516 | D        | Killed a cyclops
   517 | D        | Killed a cyclops
   528 | D        | Entered arena 9.
   528 | D        | Noticed an orc warrior
   528 | D        | Noticed an orc warrior
   528 | D        | Noticed an orc priest
   528 | D        | Noticed an orc wizard
   530 | D        | Killed an orc priest
   534 | D        | Killed an orc warrior
   534 | D        | Reached skill level 21 in Fighting
   538 | D        | Killed an orc warrior
   538 | D        | Reached XP level 11. HP: 127/127 MP: 0/4
   538 | D        | Killed an orc wizard
   576 | D        | Entered arena 10.
   576 | D        | Noticed a merfolk
   576 | D        | Noticed a centaur
   576 | D        | Noticed a merfolk
   576 | D        | Noticed a hippogriff
   576 | D        | Noticed a centaur
   576 | D        | Noticed a centaur
   576 | D        | Noticed a centaur
   576 | D        | Noticed a hippogriff
   581 | D        | Killed a centaur
   581 | D        | Reached skill level 1 in Invocations
   582 | D        | Killed a centaur
   583 | D        | Killed a centaur
   584 | D        | Killed a hippogriff
   584 | D        | Killed a centaur
   585 | D        | Killed a hippogriff
   586 | D        | Killed a merfolk
   586 | D        | Reached skill level 5 in Invocations
   594 | D        | Killed a merfolk
   690 | D        | Entered arena 11.
   690 | D        | Noticed a deep elf mage
   690 | D        | Noticed a deep elf mage
   690 | D        | Noticed a deep elf knight
   690 | D        | Noticed a deep elf annihilator
   690 | D        | Noticed a deep elf demonologist
   690 | D        | Noticed a deep elf fighter
   690 | D        | Noticed a deep elf knight
   691 | D        | Noticed a deep elf blademaster
   692 | D        | Noticed a deep elf mage
   696 | D        | Noticed a hell beast
   701 | D        | Killed a deep elf fighter
   701 | D        | Killed a deep elf annihilator
   702 | D        | Killed a deep elf knight
   703 | D        | Killed a deep elf mage
   703 | D        | Reached skill level 10 in Invocations
   704 | D        | Killed a deep elf demonologist
   706 | D        | Killed a deep elf mage
   706 | D        | Killed a deep elf blademaster
   707 | D        | Killed a deep elf mage
   711 | D        | Killed a deep elf knight
   860 | D        | Entered arena 12.
   860 | D        | Noticed a vault guard
   860 | D        | Noticed a stone giant
   860 | D        | Noticed a vault guard
   860 | D        | Noticed a vault guard
   860 | D        | Noticed a vault guard
   860 | D        | Noticed a vault guard
   860 | D        | Noticed a vault guard
   860 | D        | Noticed a vault guard
   861 | D        | Noticed a yaktaur
   861 | D        | Noticed a lich
   861 | D        | Noticed a vault guard
   866 | D        | Killed a vault guard
   868 | D        | Killed a vault guard
   868 | D        | Reached XP level 12. HP: 115/136 MP: 26/26
   870 | D        | Killed a vault guard
   871 | D        | Killed a stone giant
   872 | D        | Killed a vault guard
   872 | D        | Reached skill level 15 in Shields
   873 | D        | Killed a vault guard
   873 | D        | Killed a lich
   873 | D        | Killed a vault guard
   875 | D        | Killed a vault guard
   876 | D        | Killed a yaktaur
   878 | D        | Killed a vault guard
   891 | D        | Got the amulet of Descent {Faith rF+ rC+ Str+4 Int-5 Dex+4}
   946 | D        | Entered arena 13.
   946 | D        | Noticed a vampire
   946 | D        | Noticed a shadow
   946 | D        | Noticed a freezing wraith
   946 | D        | Noticed a blue devil
   948 | D        | Noticed a wight
   949 | D        | Noticed an ice devil
   949 | D        | Noticed an ice devil
   949 | D        | Noticed an ice dragon
   949 | D        | Killed a vampire
   949 | D        | Reached skill level 1 in Evocations
   950 | D        | Noticed a hungry ghost
   950 | D        | Noticed an ice dragon
   952 | D        | Noticed an ice dragon
   954 | D        | Killed a shadow
   954 | D        | Killed a blue devil
   956 | D        | Killed a freezing wraith
   956 | D        | Killed a wight
   959 | D        | Killed an ice dragon
   959 | D        | Reached skill level 5 in Evocations
   961 | D        | Killed an ice dragon
   963 | D        | Killed an ice devil
   965 | D        | Killed an ice dragon
   968 | D        | Killed an ice devil
   968 | D        | Reached XP level 13. HP: 50/143 MP: 27/27
   968 | D        | Killed a hungry ghost
  1110 | D        | Entered arena 14.
  1110 | D        | Noticed a slime creature
  1110 | D        | Noticed a slime creature
  1110 | D        | Noticed a slime creature
  1111 | D        | Noticed a death ooze
  1111 | D        | Noticed a great orb of eyes
  1111 | D        | Noticed a death ooze
  1111 | D        | Noticed a golden eye
  1111 | D        | Noticed a jelly
  1112 | D        | Noticed a jelly
  1112 | D        | Noticed an eye of devastation
  1113 | D        | Noticed a slime creature
  1113 | D        | Paralysed by a giant eyeball for 2 turns
  1115 | D        | Noticed a slime creature
  1115 | D        | Killed a golden eye
  1118 | D        | Killed a death ooze
  1118 | D        | Reached skill level 10 in Armour
  1118 | D        | Killed a jelly
  1119 | D        | Killed a slime creature
  1119 | D        | Killed a death ooze
  1121 | D        | Killed a very large slime creature
  1124 | D        | Killed a great orb of eyes
  1124 | D        | Killed a slime creature
  1124 | D        | Killed a jelly
  1126 | D        | Killed an eye of devastation
  1134 | D        | Got the ring of the Illusory Beds {rF+ MP+9 Dex-5 Stlth+}
  1136 | D        | Got the amulet "Sostreb" {Contam +Rage rF++ Dex+7}
  1139 | D        | Got the ring "Twodd" {rF+ Int+5 Slay-2 SInv}
  1269 | D        | Entered arena 15.
  1269 | D        | Noticed a daeva
  1270 | D        | Noticed a pearl dragon
  1270 | D        | Noticed a pearl dragon
  1270 | D        | Noticed an angel
  1271 | D        | Noticed an ophan
  1272 | D        | Noticed a daeva
  1278 | D        | Killed an angel
  1278 | D        | Reached skill level 10 in Evocations
  1283 | D        | Killed a pearl dragon
  1283 | D        | Reached skill level 15 in Invocations
  1290 | D        | Killed a pearl dragon
  1292 | D        | Killed an ophan
  1293 | D        | Killed a daeva
  1295 | D        | Killed a daeva
  1427 | D        | Got the ring of the Median {rElec rC+ MP+9 Int+2}
  1471 | D        | Entered arena 16.
  1479 | D        | Noticed a deep elf knight
  1479 | D        | Noticed a deep elf high priest
  1479 | D        | Noticed a deep elf blademaster
  1479 | D        | Noticed a deep elf mage
  1481 | D        | Noticed a deep elf knight
  1481 | D        | Noticed a deep elf sorcerer
  1481 | D        | Noticed a deep elf sorcerer
  1481 | D        | Noticed a deep elf priest
  1481 | D        | Noticed a deep elf annihilator
  1482 | D        | Noticed a deep elf master archer
  1482 | D        | Noticed a deep elf knight
  1482 | D        | Noticed a deep elf mage
  1482 | D        | Noticed a deep elf knight
  1482 | D        | Noticed a deep elf summoner
  1485 | D        | Killed a deep elf sorcerer
  1489 | D        | Killed a deep elf blademaster
  1489 | D        | Killed a deep elf master archer
  1489 | D        | Killed a deep elf high priest
  1490 | D        | Killed a deep elf knight
  1490 | D        | Killed a deep elf summoner
  1490 | D        | Reached XP level 14. HP: 108/151 MP: 29/29
  1491 | D        | Killed a deep elf sorcerer
  1491 | D        | Reached skill level 22 in Axes
  1493 | D        | Killed a deep elf mage
  1493 | D        | Killed a deep elf annihilator
  1494 | D        | Killed a deep elf priest
  1495 | D        | Killed a deep elf knight
  1495 | D        | Killed a deep elf knight
  1496 | D        | Killed a deep elf knight
  1498 | D        | Killed a deep elf mage
  1500 | D        | Got the cursed ring "Twepp" {MP+9 AC-3}
  1569 | D        | Entered arena 17.
  1584 | D        | Noticed an angel
  1584 | D        | Noticed an angel
  1584 | D        | Noticed a cherub
  1585 | D        | Noticed a daeva
  1585 | D        | Noticed an ophan
  1586 | D        | Noticed an ophan
  1587 | D        | Killed an angel
  1588 | D        | Killed an angel
  1589 | D        | Noticed an angel
  1596 | D        | Killed an ophan
  1597 | D        | Killed an ophan
  1602 | D        | Killed an angel
  1604 | D        | Killed a cherub
  1604 | D        | Reached skill level 23 in Fighting
  1610 | D        | Killed a daeva
  1632 | D        | Got the ring of Ilek {rC+ MP+9 Int+5}
  1637 | D        | Entered arena 18.
  1639 | D        | Noticed a tormentor
  1639 | D        | Noticed a wight
  1640 | D        | Noticed a balrug
  1640 | D        | Noticed a hellion
  1640 | D        | Noticed a hellion
  1640 | D        | Noticed a crimson imp
  1640 | D        | Noticed a reaper
  1640 | D        | Noticed a red devil
  1640 | D        | Noticed a wraith
  1640 | D        | Noticed a flying skull
  1640 | D        | Noticed a red devil
  1640 | D        | Noticed a red devil
  1641 | D        | Noticed a hell knight
  1641 | D        | Noticed a wraith
  1641 | D        | Noticed a wraith
  1641 | D        | Noticed a hell knight
  1643 | D        | Noticed a flayed ghost
  1645 | D        | Killed a wight
  1646 | D        | Killed a tormentor
  1646 | D        | Killed a flying skull
  1649 | D        | Killed a hell knight
  1649 | D        | Killed a wraith
  1649 | D        | Killed a balrug
  1649 | D        | Reached skill level 24 in Fighting
  1649 | D        | Killed a hellion
  1649 | D        | Killed a flayed ghost
  1649 | D        | Killed a wraith
  1649 | D        | Killed a wraith
  1649 | D        | Killed a red devil
  1649 | D        | Killed a red devil
  1649 | D        | Killed a red devil
  1649 | D        | Killed a crimson imp
  1649 | D        | Killed a hell knight
  1649 | D        | Killed a hellion
  1652 | D        | Killed a reaper
  1652 | D        | Reached skill level 25 in Fighting
  1822 | D        | Entered arena 19.
  1840 | D        | Noticed a soul eater
  1841 | D        | Noticed a shadow dragon
  1844 | D        | Noticed a soul eater
  1846 | D        | Noticed a shadow dragon
  1847 | D        | Noticed a soul eater
  1847 | D        | Noticed a shadow dragon
  1850 | D        | Killed a soul eater
  1854 | D        | Killed a soul eater
  1859 | D        | Killed a shadow dragon
  1861 | D        | Killed a shadow dragon
  1861 | D        | Reached skill level 15 in Armour
  1866 | D        | Killed a soul eater
  1867 | D        | Killed a shadow dragon
  1906 | D        | Entered arena 20.
  1921 | D        | Noticed a sea snake
  1921 | D        | a sea snake changed into a water nymph
  1922 | D        | Noticed a shard shrike
  1923 | D        | Noticed a snapping turtle
  1923 | D        | Noticed a titan
  1923 | D        | Noticed a moth of wrath
  1923 | D        | Noticed an eye of devastation
  1923 | D        | Noticed a titan
  1923 | D        | a shard shrike changed into a titan
  1924 | D        | Noticed a merfolk
  1924 | D        | Noticed an acid blob
  1924 | D        | Noticed a snapping turtle
  1924 | D        | Noticed a ghost crab
  1924 | D        | Noticed a shadow dragon
  1924 | D        | an acid blob changed into a shadow dragon
  1924 | D        | an eye of devastation changed into a shock serpent
  1924 | D        | a snapping turtle changed into a hill giant
  1924 | D        | Noticed a shard shrike
  1924 | D        | a titan changed into a shard shrike
  1925 | D        | Noticed a quicksilver dragon
  1925 | D        | a shadow dragon changed into a quicksilver dragon
  1925 | D        | a merfolk changed into a torpor snail
  1925 | D        | Noticed an iron dragon
  1925 | D        | a titan changed into an iron dragon
  1925 | D        | Killed a moth of wrath
  1926 | D        | Noticed a shard shrike
  1926 | D        | Noticed an iron dragon
  1926 | D        | Noticed a shadow dragon
  1926 | D        | a quicksilver dragon changed into a shadow dragon
  1927 | D        | Noticed an acid blob
  1927 | D        | Noticed a black bear
  1927 | D        | Noticed an acid blob
  1927 | D        | a shard shrike changed into an acid blob
  1927 | D        | a shadow dragon changed into an iron troll
  1927 | D        | Noticed a shadow dragon
  1927 | D        | an iron dragon changed into a shadow dragon
  1928 | D        | Noticed a caustic shrike
  1928 | D        | Killed a shard shrike
  1928 | D        | Noticed a shadow dragon
  1928 | D        | an iron troll changed into a shadow dragon
  1928 | D        | a snapping turtle changed into a cyclops
  1928 | D        | Noticed a fire giant
  1928 | D        | a shadow dragon changed into a fire giant
  1929 | D        | Noticed an iron dragon
  1929 | D        | a caustic shrike changed into an iron dragon
  1930 | D        | Noticed an iron dragon
  1930 | D        | an acid blob changed into an iron dragon
  1930 | D        | Noticed a caustic shrike
  1930 | D        | an iron dragon changed into a caustic shrike
  1930 | D        | Killed a black bear
  1932 | D        | Noticed a caustic shrike
  1932 | D        | a shadow dragon changed into a caustic shrike
  1932 | D        | Noticed a kraken
  1932 | D        | an iron dragon changed into a kraken
  1932 | D        | Noticed a fire giant
  1932 | D        | an acid blob changed into a fire giant
  1932 | D        | Noticed a kraken
  1932 | D        | a fire giant changed into a kraken
  1933 | D        | a ghost crab changed into a snapping turtle
  1933 | D        | Noticed a frost giant
  1933 | D        | a fire giant changed into a frost giant
  1935 | D        | Killed a caustic shrike
  1935 | D        | Reached XP level 15. HP: 155/169 MP: 27/30
  1937 | D        | Noticed a shadow dragon
  1937 | D        | an iron dragon changed into a shadow dragon
  1939 | D        | Killed a shadow dragon
  1940 | D        | a caustic shrike changed into an iron dragon
  1940 | D        | a kraken changed into an alligator snapping turtle
  1940 | D        | Noticed a shadow dragon
  1940 | D        | a frost giant changed into a shadow dragon
  1940 | D        | Noticed an azure jelly
  1940 | D        | a kraken changed into an azure jelly
  1941 | D        | Killed an azure jelly
  1946 | D        | Noticed an azure jelly
  1946 | D        | an alligator snapping turtle changed into an azure jelly
  1948 | D        | an azure jelly changed into a frost giant
  1950 | D        | Noticed a sphinx
  1950 | D        | a frost giant changed into a sphinx
  1951 | D        | Killed a shadow dragon
  1953 | D        | Killed a sphinx
  1996 | D        | Entered arena 21.
  2007 | D        | Noticed an air elemental
  2008 | D        | Noticed a storm dragon
  2008 | D        | Noticed an electric golem
  2010 | D        | Noticed an electric golem
  2010 | D        | Noticed an electric golem
  2010 | D        | Killed an air elemental
  2011 | D        | Noticed a spriggan air mage
  2011 | D        | Noticed a storm dragon
  2011 | D        | Noticed a storm dragon
  2011 | D        | Noticed a titan
  2011 | D        | Noticed an air elemental
  2012 | D        | Noticed a storm dragon
  2012 | D        | Noticed a storm dragon
  2013 | D        | Noticed an electric golem
  2013 | D        | Noticed an air elemental
  2013 | D        | Noticed a storm dragon
  2013 | D        | Noticed an air elemental
  2013 | D        | Noticed a spriggan air mage
  2013 | D        | Noticed a wind drake
  2014 | D        | Noticed a spriggan air mage
  2014 | D        | Noticed a wind drake
  2014 | D        | Noticed a spriggan air mage
  2015 | D        | Noticed a spriggan air mage
  2016 | D        | Noticed an insubstantial wisp
  2017 | D        | Noticed a wind drake
  2017 | D        | Killed an air elemental
  2018 | D        | Noticed an electric golem
  2018 | D        | Noticed a storm dragon
  2018 | D        | Killed an air elemental
  2018 | D        | Killed an air elemental
  2018 | D        | Killed a spriggan air mage
  2018 | D        | Killed a spriggan air mage
  2018 | D        | Killed a spriggan air mage
  2018 | D        | Killed a wind drake
  2018 | D        | Killed an insubstantial wisp
  2018 | D        | Killed a wind drake
  2018 | D        | Killed an electric golem
  2019 | D        | Noticed an electric golem
  2019 | D        | Killed a spriggan air mage
  2019 | D        | Killed a storm dragon
  2019 | D        | Killed a storm dragon
  2019 | D        | Killed a storm dragon
  2019 | D        | Killed a titan
  2019 | D        | Killed a spriggan air mage
  2019 | D        | Killed a storm dragon
  2019 | D        | Killed a wind drake
  2022 | D        | Killed a storm dragon
  2023 | D        | Killed an electric golem
  2024 | D        | Killed an electric golem
  2024 | D        | Killed an electric golem
  2025 | D        | HP: 8/184 [electric golem/bolt of lightning (8)]
  2027 | D        | Noticed a titan
  2027 | D        | Noticed a storm dragon
  2027 | D        | Killed a storm dragon
  2027 | D        | Killed an electric golem
  2027 | D        | Reached XP level 16. HP: 26/178 MP: 20/35
  2027 | D        | Killed a titan
  2027 | D        | Killed an electric golem
  2030 | D        | Killed a storm dragon
  2031 | D        | Killed a storm dragon
  2066 | D        | Got the ring "Qole" {rF+ rN+ MR+ Int+2}
  2249 | D        | Entered arena 22.
  2265 | D        | Noticed a tentacled monstrosity
  2265 | D        | Noticed a purple draconian
  2266 | D        | Noticed a purple draconian
  2267 | D        | Noticed an Orb Guardian
  2267 | D        | Noticed a white draconian
  2267 | D        | Noticed a white draconian
  2267 | D        | Noticed a tentacled monstrosity
  2268 | D        | Noticed a black draconian
  2268 | D        | Noticed a purple draconian annihilator
  2268 | D        | Noticed a fire dragon
  2268 | D        | Noticed an Orb Guardian
  2269 | D        | Noticed a mottled draconian
  2269 | D        | Noticed a mottled draconian
  2269 | D        | Noticed a moth of wrath
  2269 | D        | Noticed an ice dragon
  2269 | D        | Noticed a moth of wrath
  2270 | D        | Noticed an Orb Guardian
  2271 | D        | Noticed a white draconian
  2271 | D        | Noticed a yellow draconian
  2271 | D        | Noticed a moth of wrath
  2272 | D        | Noticed a pale draconian annihilator
  2272 | D        | Noticed a yellow draconian shifter
  2272 | D        | Noticed a red draconian
  2273 | D        | Noticed a moth of wrath
  2277 | D        | Noticed a yellow draconian
  2277 | D        | Killed an Orb Guardian
  2277 | D        | Killed a purple draconian
  2278 | D        | Killed a tentacled monstrosity
  2278 | D        | Reached skill level 15 in Evocations
  2278 | D        | Killed a purple draconian
  2279 | D        | Noticed an Orb Guardian
  2279 | D        | Killed an Orb Guardian
  2279 | D        | Killed a moth of wrath
  2281 | D        | Noticed a moth of wrath
  2281 | D        | Killed a tentacled monstrosity
  2282 | D        | Noticed a tentacled monstrosity
  2282 | D        | Noticed an Orb Guardian
  2283 | D        | Killed a purple draconian annihilator
  2284 | D        | Noticed a white draconian
  2284 | D        | Killed a fire dragon
  2284 | D        | Killed a moth of wrath
  2284 | D        | Killed a white draconian
  2288 | D        | Noticed an Orb Guardian
  2290 | D        | Noticed a tentacled monstrosity
  2290 | D        | Killed an Orb Guardian
  2291 | D        | Killed a moth of wrath
  2293 | D        | Killed a black draconian
  2296 | D        | Killed an ice dragon
  2298 | D        | Killed a yellow draconian
  2299 | D        | Noticed a tentacled monstrosity
  2302 | D        | Killed an Orb Guardian
  2304 | D        | Killed an Orb Guardian
  2304 | D        | Killed a white draconian
  2305 | D        | Killed a tentacled monstrosity
  2307 | D        | Killed a yellow draconian shifter
  2309 | D        | Killed an Orb Guardian
  2310 | D        | Killed a white draconian
  2311 | D        | Killed a yellow draconian
  2312 | D        | Killed a red draconian
  2314 | D        | Killed a white draconian
  2315 | D        | Killed a tentacled monstrosity
  2315 | D        | Killed a mottled draconian
  2317 | D        | Killed a tentacled monstrosity
  2318 | D        | Killed a moth of wrath
  2319 | D        | Killed a pale draconian annihilator
  2321 | D        | Killed a moth of wrath
  2325 | D        | Killed a mottled draconian
  2325 | D        | Reached XP level 17. HP: 167/185 MP: 37/37
  2328 | D        | Got the ring of Zefeesif {rPois rN+ Dex+10}
  2334 | D        | Got the ring "Piadelux" {rN+ Dex+4}
  2344 | D        | Got the +2 cloak of the Shore {rElec Str+2 Stlth+}
  2373 | D        | Entered arena 23.
  2385 | D        | Drew Focus: Str increased to 26, Int decreased to 4
  2388 | D        | Noticed a red devil
  2388 | D        | Noticed Saof the pandemonium lord
  2388 | D        | Noticed Strijaocs the pandemonium lord
  2389 | D        | Noticed Pryih the pandemonium lord
  2389 | D        | Noticed Imamum the pandemonium lord
  2389 | D        | Noticed Gyaseuk the pandemonium lord
  2390 | D        | Noticed a red devil
  2390 | D        | Noticed an infernal demonspawn
  2391 | D        | Noticed Noilor the pandemonium lord
  2392 | D        | Noticed Mnoy the pandemonium lord
  2392 | D        | Noticed Jaty the pandemonium lord
  2393 | D        | Noticed Kaumu the pandemonium lord
  2393 | D        | Noticed Kakh the pandemonium lord
  2393 | D        | Noticed Kesorph the pandemonium lord
  2393 | D        | Noticed Neachuesk the pandemonium lord
  2393 | D        | Noticed an Executioner
  2393 | D        | Noticed Prat the pandemonium lord
  2394 | D        | Noticed Zikur the pandemonium lord
  2394 | D        | Noticed Zirghedo the pandemonium lord
  2394 | D        | Noticed Braakhod the pandemonium lord
  2394 | D        | Noticed Dafuajon the pandemonium lord
  2394 | D        | Noticed Ahes the pandemonium lord
  2394 | D        | Noticed Rara the pandemonium lord
  2395 | D        | Noticed Uchim the pandemonium lord
  2396 | D        | Noticed a neqoxec
  2398 | D        | Noticed a monstrous black sun
  2398 | D        | Noticed Hoenocue the pandemonium lord
  2400 | D        | Noticed a Brimstone Fiend
  2400 | D        | Noticed Kluc the pandemonium lord
  2401 | D        | Noticed Tweevizo the pandemonium lord
  2403 | D        | Noticed Daugaez the pandemonium lord
  2403 | D        | Noticed a green death
  2403 | D        | Noticed a blizzard demon
  2403 | D        | Noticed a sun demon
  2404 | D        | Noticed a putrid warmonger
  2404 | D        | Killed Strijaocs the pandemonium lord
  2405 | D        | Noticed Adasm the pandemonium lord
  2405 | D        | Killed a red devil
  2405 | D        | Killed Saof the pandemonium lord
  2405 | D        | Killed Kakh the pandemonium lord
  2405 | D        | Killed Imamum the pandemonium lord
  2405 | D        | Killed an Executioner
  2405 | D        | Killed Braakhod the pandemonium lord
  2405 | D        | Reached skill level 26 in Shields
  2405 | D        | Killed an infernal demonspawn
  2405 | D        | Killed a neqoxec
  2405 | D        | Killed Rara the pandemonium lord
  2405 | D        | Reached skill level 27 in Shields
  2405 | D        | Killed Hoenocue the pandemonium lord
  2409 | D        | Noticed a cacodemon
  2409 | D        | Noticed a lorocyproca
  2410 | D        | Killed a putrid warmonger
  2410 | D        | Killed a Brimstone Fiend
  2410 | D        | Killed Gyaseuk the pandemonium lord
  2410 | D        | Reached skill level 27 in Armour
  2410 | D        | Killed Tweevizo the pandemonium lord
  2410 | D        | Killed Daugaez the pandemonium lord
  2410 | D        | Reached skill level 10 in Dodging
  2410 | D        | Killed a sun demon
  2410 | D        | Killed Kluc the pandemonium lord
  2410 | D        | Killed a red devil
  2410 | D        | Killed a green death
  2410 | D        | Killed Kesorph the pandemonium lord
  2410 | D        | Reached skill level 15 in Dodging
  2410 | D        | Killed Zikur the pandemonium lord
  2410 | D        | Reached XP level 18. HP: 131/194 MP: 30/38
  2410 | D        | Killed Dafuajon the pandemonium lord
  2410 | D        | Killed a red devil
  2410 | D        | Killed a monstrous black sun
  2410 | D        | Killed Ahes the pandemonium lord
  2410 | D        | Killed Prat the pandemonium lord
  2410 | D        | Killed Jaty the pandemonium lord
  2410 | D        | Killed a lorocyproca
  2410 | D        | Killed a blizzard demon
  2411 | D        | Noticed Qub Thai the pandemonium lord
  2411 | D        | Killed Neachuesk the pandemonium lord
  2412 | D        | Killed Pryih the pandemonium lord
  2413 | D        | Killed Mnoy the pandemonium lord
  2413 | D        | Killed Adasm the pandemonium lord
  2413 | D        | Killed a cacodemon
  2413 | D        | Killed Qub Thai the pandemonium lord
  2413 | D        | Reached skill level 27 in Fighting
  2413 | D        | Killed Zirghedo the pandemonium lord
  2413 | D        | Reached skill level 27 in Invocations
  2414 | D        | Killed Uchim the pandemonium lord
  2414 | D        | Killed Noilor the pandemonium lord
  2415 | D        | Killed Kaumu the pandemonium lord
  2558 | D        | Entered arena 24.
  2571 | D        | Noticed a polar bear
  2572 | D        | Noticed a blizzard demon
  2572 | D        | Noticed a blizzard demon
  2572 | D        | Noticed a freezing wraith
  2574 | D        | Noticed a freezing wraith
  2574 | D        | Noticed an ice devil
  2575 | D        | Noticed an ice devil
  2577 | D        | Noticed an Ice Fiend
  2578 | D        | Noticed an ice dragon
  2578 | D        | Noticed a blizzard demon
  2578 | D        | Noticed a freezing wraith
  2578 | D        | Killed a polar bear
  2580 | D        | Killed a freezing wraith
  2581 | D        | Noticed an Ice Fiend
  2582 | D        | Noticed a polar bear
  2582 | D        | Noticed a freezing wraith
  2582 | D        | Killed an ice devil
  2583 | D        | Noticed a polar bear
  2583 | D        | Noticed a freezing wraith
  2584 | D        | Noticed an ice beast
  2584 | D        | Killed a freezing wraith
  2584 | D        | Killed a blizzard demon
  2584 | D        | Killed an ice beast
  2584 | D        | Killed a polar bear
  2584 | D        | Killed a freezing wraith
  2584 | D        | Killed a blizzard demon
  2584 | D        | Killed a freezing wraith
  2584 | D        | Killed an ice dragon
  2584 | D        | Killed a freezing wraith
  2584 | D        | Killed a polar bear
  2584 | D        | Killed an Ice Fiend
  2584 | D        | Reached XP level 19. HP: 66/207 MP: 39/39
  2584 | D        | Killed a freezing wraith
  2584 | D        | Killed a blizzard demon
  2584 | D        | Killed an ice devil
  2584 | D        | Killed an Ice Fiend
  2584 | D        | Reached skill level 27 in Axes
  2585 | D        | Noticed a frost giant
  2585 | D        | Killed a frost giant
  2587 | D        | Noticed a blizzard demon
  2588 | D        | Noticed an ice beast
  2589 | D        | Noticed an ice devil
  2591 | D        | Noticed an Ice Fiend
  2591 | D        | Killed a blizzard demon
  2593 | D        | Killed an ice beast
  2594 | D        | Noticed a polar bear
  2594 | D        | Killed an Ice Fiend
  2595 | D        | Noticed a frost giant
  2595 | D        | Noticed an ice devil
  2596 | D        | Noticed a freezing wraith
  2596 | D        | Noticed a frost giant
  2596 | D        | Noticed a frost giant
  2597 | D        | Noticed an ice dragon
  2599 | D        | Killed a polar bear
  2600 | D        | Noticed an ice devil
  2603 | D        | Killed an ice devil
  2605 | D        | Killed a frost giant
  2605 | D        | Killed a frost giant
  2606 | D        | Killed an ice devil
  2607 | D        | Killed a frost giant
  2607 | D        | Killed a freezing wraith
  2607 | D        | Reached skill level 27 in Evocations
  2608 | D        | Killed an ice dragon
  2611 | D        | Killed an ice devil
  2647 | D        | Got the amulet of the Four Lies {Faith rElec rC+ MP+9}
  2761 | D        | Entered arena 25.
  2778 | D        | Noticed a thrashing horror
  2779 | D        | Noticed a small abomination
  2779 | D        | Noticed an orange demon
  2779 | D        | Noticed a wretched star
  2779 | D        | Noticed an ancient zyme
  2779 | D        | Noticed a large abomination
  2779 | D        | Noticed a hellwing
  2779 | D        | Noticed a large abomination
  2779 | D        | Noticed a smoke demon
  2780 | D        | Noticed a wretched star
  2780 | D        | Noticed an ancient zyme
  2780 | D        | Noticed a small abomination
  2780 | D        | Noticed a wretched star
  2780 | D        | Noticed a neqoxec
  2781 | D        | Noticed a hell hog
  2781 | D        | Noticed a large abomination
  2781 | D        | Noticed a ynoxinul
  2781 | D        | Noticed a large abomination
  2781 | D        | Noticed a large abomination
  2782 | D        | Noticed Rereull the pandemonium lord
  2782 | D        | Killed an ancient zyme
  2782 | D        | Noticed a thrashing horror
  2783 | D        | Killed a small abomination
  2784 | D        | Noticed an ice beast
  2784 | D        | Noticed a small abomination
  2785 | D        | Killed a large abomination
  2786 | D        | Noticed a worldbinder
  2786 | D        | Killed a thrashing horror
  2787 | D        | Noticed a large abomination
  2787 | D        | Noticed a chaos spawn
  2788 | D        | Noticed Gyfuoqiewe the pandemonium lord
  2788 | D        | Noticed a tentacled starspawn
  2788 | D        | Killed a hell hog
  2790 | D        | Noticed a large abomination
  2790 | D        | Killed a wretched star
  2791 | D        | Noticed an efreet
  2791 | D        | Killed a smoke demon
  2792 | D        | Killed a small abomination
  2794 | D        | Killed a wretched star
  2794 | D        | Reached skill level 1 in Unarmed Combat
  2794 | D        | Killed a large abomination
  2795 | D        | Killed a large abomination
  2796 | D        | Killed a large abomination
  2797 | D        | Killed Gyfuoqiewe the pandemonium lord
  2798 | D        | Killed a thrashing horror
  2799 | D        | Killed Rereull the pandemonium lord
  2799 | D        | Reached skill level 27 in Dodging
  2800 | D        | Killed an ancient zyme
  2801 | D        | Killed a chaos spawn
  2801 | D        | Killed a hellwing
  2802 | D        | Killed a ynoxinul
  2802 | D        | Killed a small abomination
  2802 | D        | Killed a large abomination
  2802 | D        | Killed an ice beast
  2802 | D        | Killed a tentacled starspawn
  2802 | D        | Reached skill level 10 in Unarmed Combat
  2802 | D        | Killed an efreet
  2802 | D        | Killed a large abomination
  2802 | D        | Killed a neqoxec
  2802 | D        | Killed a worldbinder
  2802 | D        | Killed an orange demon
  2802 | D        | Killed a wretched star
  2802 | D        | Killed a large abomination
  2804 | D        | Noticed a neqoxec
  2804 | D        | Noticed a large abomination
  2806 | D        | Noticed an unborn
  2806 | D        | Noticed a raiju
  2807 | D        | Noticed an iron imp
  2808 | D        | Noticed a starcursed mass
  2808 | D        | Noticed a starcursed mass
  2809 | D        | Noticed a starcursed mass
  2809 | D        | Noticed a small abomination
  2810 | D        | Noticed a small abomination
  2810 | D        | Killed a large abomination
  2812 | D        | Killed a neqoxec
  2813 | D        | Noticed a wandering mushroom
  2813 | D        | Noticed a ynoxinul
  2813 | D        | Noticed a sky beast
  2814 | D        | Killed a raiju
  2815 | D        | Noticed a sixfirhy
  2816 | D        | Killed an unborn
  2817 | D        | Killed a small abomination
  2817 | D        | Killed a small abomination
  2817 | D        | Killed a starcursed mass
  2817 | D        | Killed a starcursed mass
  2817 | D        | Killed a starcursed mass
  2817 | D        | Killed a wandering mushroom
  2817 | D        | Killed a starcursed mass
  2817 | D        | Killed a starcursed mass
  2817 | D        | Killed a starcursed mass
  2817 | D        | Killed a starcursed mass
  2817 | D        | Killed a starcursed mass
  2817 | D        | Killed an iron imp
  2817 | D        | Killed a starcursed mass
  2817 | D        | Killed a sky beast
  2817 | D        | Killed a starcursed mass
  2817 | D        | Killed a starcursed mass
  2817 | D        | Killed a sixfirhy
  2817 | D        | Killed a starcursed mass
  2817 | D        | Killed a starcursed mass
  2818 | D        | Killed a ynoxinul
  2841 | D        | Got the amulet "Baof" {+Rage SInv}
  2841 | D        | Got a ring of the Octopus King {rC+ AC+1 EV+1 Str+1 Int+1 Dex+1}
  2853 | D        | Noticed a thrashing horror
  2858 | D        | Killed a thrashing horror
  3116 | D        | Got the amulet "Hytaax" {Ward rF+ rN+}
  3124 | D        | Got the amulet of Xom's Condemnation {Gourm rC+ Int+3 Dex+2}
  3162 | D        | Got the +8 war axe of the Hidden Wonders {flame, Str+4}
  3181 | D        | Got the +2 pair of gloves "Sherit" {+Blink MR+ MP+9 Dex-3}
  3220 | D        | Entered arena 26.
  3234 | D        | Noticed Twobru the pandemonium lord
  3234 | D        | Noticed Toadag the pandemonium lord
  3235 | D        | Noticed Riwnel the pandemonium lord
  3235 | D        | Noticed Reitao the pandemonium lord
  3236 | D        | Noticed Kloirew the pandemonium lord
  3236 | D        | Noticed Oshryl the pandemonium lord
  3236 | D        | Noticed a hellwing
  3237 | D        | Identified a +9 rod of clouds (17/17) (You found it in the Dungeon)
  3238 | D        | Noticed Ethryus the pandemonium lord
  3238 | D        | Noticed Jenefov the pandemonium lord
  3239 | D        | Noticed Bouvoch the pandemonium lord
  3239 | D        | Noticed Schivad the pandemonium lord
  3239 | D        | Noticed Doocze Rooty the pandemonium lord
  3240 | D        | Noticed Grohock the pandemonium lord
  3240 | D        | Noticed an orange demon
  3241 | D        | Noticed Khado the pandemonium lord
  3242 | D        | Noticed a hellwing
  3242 | D        | Noticed a Hell Sentinel
  3242 | D        | Noticed Giadieta the pandemonium lord
  3243 | D        | Noticed Tytops the pandemonium lord
  3243 | D        | Noticed Wojij the pandemonium lord
  3244 | D        | Noticed Ysifok the pandemonium lord
  3245 | D        | Noticed a balrug
  3245 | D        | Noticed Oloafe the pandemonium lord
  3245 | D        | Killed a hellwing
  3246 | D        | Noticed Begilyiru the pandemonium lord
  3248 | D        | Noticed Shusupli the pandemonium lord
  3249 | D        | Noticed an orange demon
  3249 | D        | Noticed Kill the pandemonium lord
  3251 | D        | Noticed a daeva
  3251 | D        | Noticed Chumac the pandemonium lord
  3251 | D        | Killed an orange demon
  3251 | D        | Killed an orange demon
  3251 | D        | Killed a balrug
  3251 | D        | Reached skill level 15 in Unarmed Combat
  3251 | D        | Killed a hellwing
  3251 | D        | Killed a daeva
  3251 | D        | Reached skill level 5 in Throwing
  3251 | D        | Killed Begilyiru the pandemonium lord
  3251 | D        | Killed Bouvoch the pandemonium lord
  3251 | D        | Killed Jenefov the pandemonium lord
  3251 | D        | Killed Giadieta the pandemonium lord
  3251 | D        | Killed Shusupli the pandemonium lord
  3251 | D        | Killed Ysifok the pandemonium lord
  3251 | D        | Reached skill level 15 in Throwing
  3251 | D        | Killed Zamej the pandemonium lord
  3251 | D        | Reached XP level 20. HP: 101/216 MP: 40/40
  3251 | D        | Killed Schivad the pandemonium lord
  3251 | D        | Killed Reitao the pandemonium lord
  3251 | D        | Killed Adischuh the pandemonium lord
  3251 | D        | Killed Oloafe the pandemonium lord
  3251 | D        | Killed a Hell Sentinel
  3251 | D        | Killed a Shadow Fiend
  3251 | D        | Killed Kill the pandemonium lord
  3252 | D        | Noticed a Brimstone Fiend
  3252 | D        | Noticed Ibirph the pandemonium lord
  3252 | D        | Killed Grohock the pandemonium lord
  3252 | D        | Noticed Bycs the pandemonium lord
  3253 | D        | Noticed Cuadec the pandemonium lord
  3253 | D        | Noticed Ocsehuc the pandemonium lord
  3254 | D        | Noticed Woqau the pandemonium lord
  3254 | D        | Noticed Khel the pandemonium lord
  3255 | D        | Noticed a cacodemon
  3255 | D        | Noticed Tameij the pandemonium lord
  3255 | D        | Killed Ethryus the pandemonium lord
  3256 | D        | Noticed a balrug
  3256 | D        | Killed a cacodemon
  3256 | D        | Killed Tameij the pandemonium lord
  3256 | D        | Killed Cuadec the pandemonium lord
  3256 | D        | Killed Riwnel the pandemonium lord
  3256 | D        | Killed Woqau the pandemonium lord
  3256 | D        | Killed Bycs the pandemonium lord
  3256 | D        | Killed Doocze Rooty the pandemonium lord
  3256 | D        | Reached skill level 27 in Unarmed Combat
  3256 | D        | Killed Ibirph the pandemonium lord
  3256 | D        | Killed a balrug
  3256 | D        | Killed a sixfirhy
  3256 | D        | Killed Chumac the pandemonium lord
  3256 | D        | Killed a Brimstone Fiend
  3256 | D        | Killed Oshryl the pandemonium lord
  3256 | D        | Killed Ocsehuc the pandemonium lord
  3256 | D        | Reached skill level 27 in Throwing
  3256 | D        | Reached skill level 5 in Stealth
  3256 | D        | Killed Toadag the pandemonium lord
  3256 | D        | Killed Twobru the pandemonium lord
  3256 | D        | Reached XP level 21. HP: 68/224 MP: 36/40
  3257 | D        | Noticed Frasuups the pandemonium lord
  3257 | D        | Noticed Bomnabb the pandemonium lord
  3258 | D        | Killed Kloirew the pandemonium lord
  3258 | D        | Reached skill level 10 in Stealth
  3260 | D        | Killed Khado the pandemonium lord
  3260 | D        | Noticed a smoke demon
  3262 | D        | Noticed Psudo the pandemonium lord
  3265 | D        | Killed a smoke demon
  3265 | D        | Killed Tytops the pandemonium lord
  3265 | D        | Killed Bomnabb the pandemonium lord
  3265 | D        | Killed a green death
  3265 | D        | Killed Psudo the pandemonium lord
  3265 | D        | Killed Khel the pandemonium lord
  3265 | D        | Reached skill level 15 in Stealth
  3265 | D        | Killed Wojij the pandemonium lord
  3266 | D        | Noticed Tupnerie the pandemonium lord
  3266 | D        | Identified a +4 rod of inaccuracy (12/12) (You found it in the Dungeon)
  3267 | D        | Killed Frasuups the pandemonium lord
  3268 | D        | Noticed Naxa the pandemonium lord
  3268 | D        | Noticed Iloed the pandemonium lord
  3268 | D        | Noticed a ynoxinul
  3269 | D        | Noticed a blizzard demon
  3269 | D        | Noticed Twayp the pandemonium lord
  3271 | D        | Noticed a green death
  3272 | D        | Noticed an ice devil
  3275 | D        | Killed Iloed the pandemonium lord
  3279 | D        | Killed a green death
  3279 | D        | Killed Twayp the pandemonium lord
  3280 | D        | Killed a blizzard demon
  3281 | D        | Killed Tupnerie the pandemonium lord
  3282 | D        | Killed a ynoxinul
  3291 | D        | Killed Naxa the pandemonium lord
  3291 | D        | Killed an ice devil
  3560 | D        | Entered arena 27.
  3578 | D        | Noticed a boring beetle
  3578 | D        | Noticed a wasp
  3579 | D        | Noticed a redback
  3579 | D        | Noticed an orb spider
  3579 | D        | Noticed a ghost moth
  3579 | D        | Noticed a wasp
  3579 | D        | Noticed a wolf spider
  3579 | D        | Noticed a hornet
  3579 | D        | Noticed a hornet
  3579 | D        | Noticed a moth of wrath
  3579 | D        | Noticed a redback
  3579 | D        | Noticed a trapdoor spider
  3580 | D        | Noticed a jumping spider
  3580 | D        | Noticed an orb spider
  3580 | D        | Noticed a hornet
  3580 | D        | Noticed a wasp
  3580 | D        | Noticed a ghost moth
  3580 | D        | Noticed a tarantella
  3580 | D        | Noticed a ghost moth
  3580 | D        | Noticed a wasp
  3580 | D        | Killed a moth of wrath
  3580 | D        | Killed a wasp
  3580 | D        | Killed a wasp
  3580 | D        | Killed an orb spider
  3580 | D        | Reached skill level 1 in Spellcasting
  3580 | D        | Killed a tarantella
  3580 | D        | Killed an orb spider
  3580 | D        | Killed a boring beetle
  3580 | D        | Killed a redback
  3580 | D        | Killed a wolf spider
  3580 | D        | Reached skill level 27 in Maces & Flails
  3580 | D        | Killed a ghost moth
  3580 | D        | Killed an orb spider
  3580 | D        | Killed a trapdoor spider
  3580 | D        | Killed a hornet
  3580 | D        | Killed a redback
  3580 | D        | Killed a wasp
  3580 | D        | Killed a ghost moth
  3580 | D        | Killed a hornet
  3580 | D        | Killed a hornet
  3580 | D        | Killed a wasp
  3581 | D        | Noticed a wolf spider
  3581 | D        | Noticed a wasp
  3581 | D        | Noticed a jumping spider
  3581 | D        | Noticed a jumping spider
  3581 | D        | Noticed a trapdoor spider
  3581 | D        | Noticed a jumping spider
  3581 | D        | Noticed a redback
  3581 | D        | Killed a ghost moth
  3581 | D        | Reached skill level 5 in Spellcasting
  3581 | D        | Killed a jumping spider
  3582 | D        | Noticed a moth of wrath
  3582 | D        | Noticed a trapdoor spider
  3582 | D        | Noticed a jumping spider
  3582 | D        | Noticed a jumping spider
  3582 | D        | Noticed a trapdoor spider
  3583 | D        | Noticed a jumping spider
  3583 | D        | Noticed a moth of wrath
  3583 | D        | Noticed a scorpion
  3583 | D        | Noticed a jumping spider
  3583 | D        | Noticed a wolf spider
  3584 | D        | Noticed a trapdoor spider
  3584 | D        | Noticed a scorpion
  3585 | D        | Noticed a spider
  3585 | D        | Noticed a demonic crawler
  3585 | D        | Killed a wolf spider
  3586 | D        | Noticed a spider
  3586 | D        | Noticed a scorpion
  3586 | D        | Noticed a spider
  3586 | D        | Noticed a wolf spider
  3586 | D        | Noticed a redback
  3587 | D        | Noticed a wasp
  3587 | D        | Killed a trapdoor spider
  3588 | D        | Noticed a trapdoor spider
  3588 | D        | Noticed a tarantella
  3588 | D        | Killed a wolf spider
  3588 | D        | Killed a trapdoor spider
  3589 | D        | Noticed an orb spider
  3589 | D        | Noticed a wolf spider
  3589 | D        | Killed a jumping spider
  3589 | D        | Killed a spider
  3590 | D        | Noticed a spider
  3590 | D        | Noticed a demonic crawler
  3590 | D        | Killed a jumping spider
  3590 | D        | Killed a wasp
  3590 | D        | Killed a spider
  3591 | D        | Noticed a spider
  3591 | D        | Noticed a torpor snail
  3591 | D        | Killed a redback
  3592 | D        | Noticed an orb spider
  3592 | D        | Killed a jumping spider
  3592 | D        | Killed a jumping spider
  3592 | D        | Killed a redback
  3592 | D        | Killed a trapdoor spider
  3593 | D        | Noticed a moth of wrath
  3593 | D        | Killed a jumping spider
  3594 | D        | Noticed an orb spider
  3595 | D        | Killed a torpor snail
  3596 | D        | Killed a demonic crawler
  3596 | D        | Killed a moth of wrath
  3596 | D        | Killed a hornet
  3597 | D        | Killed an orb spider
  3599 | D        | Noticed a ghost moth
  3600 | D        | Killed a demonic crawler
  3600 | D        | Killed a wolf spider
  3600 | D        | Killed a jumping spider
  3601 | D        | Killed a spider
  3601 | D        | Killed an orb spider
  3602 | D        | Killed a ghost moth
  3605 | D        | Killed a trapdoor spider
  3605 | D        | Killed a moth of wrath
  3606 | D        | Killed a wolf spider
  3606 | D        | Killed a spider
  3607 | D        | Killed a jumping spider
  3610 | D        | Killed a spider
  3611 | D        | Killed a scorpion
  3613 | D        | Killed a moth of wrath
  3613 | D        | Killed an orb spider
  3616 | D        | Killed a scorpion
  3617 | D        | Killed a wasp
  3617 | D        | Killed a tarantella
  3619 | D        | Killed a trapdoor spider
  3619 | D        | Killed a scorpion
  3736 | D        | Got the Orb of Zot
  3754 | D        | Noticed Prozoquw the pandemonium lord
  3762 | D        | Killed Prozoquw the pandemonium lord
  4144 | D        | Reached skill level 10 in Spellcasting
  4255 | D        | Noticed Mileacvo the pandemonium lord
  4263 | D        | Killed Mileacvo the pandemonium lord
  4263 | D        | Reached XP level 22. HP: 233/233 MP: 41/41
  6708 | D        | Noticed Twofourgho the pandemonium lord
  6716 | D        | Killed Twofourgho the pandemonium lord
  7087 | D        | Noticed Denwemasiff the pandemonium lord
  7093 | D        | Killed Denwemasiff the pandemonium lord
  7556 | D        | Noticed Vejytee Maod the pandemonium lord
  7556 | D        | Killed Vejytee Maod the pandemonium lord
  7994 | D        | Reached skill level 15 in Spellcasting
  8858 | D        | Escaped with the Orb!

Action                   |  1- 3 |  4- 6 |  7- 9 | 10-12 | 13-15 | 16-18 | 19-21 | 22-24 || total
-------------------------+-------+-------+-------+-------+-------+-------+-------+-------++-------
Melee: Broad axe         |     7 |     8 |    16 |    97 |   129 |    75 |   100 |    89 ||   521
       War axe           |       |       |       |       |       |       |    27 |       ||    27
Throw: Throwing net      |       |       |       |       |       |       |     1 |       ||     1
Invok: Upheaval          |       |       |       |     4 |     1 |       |       |       ||     5
       Disaster Area     |       |       |       |       |     4 |     4 |     7 |     3 ||    18
       Elemental Force   |       |       |       |       |       |     1 |       |       ||     1
Evoke: Deck              |       |       |       |     2 |    10 |     4 |     1 |       ||    17
       Fan of gales      |       |       |       |       |     3 |       |       |       ||     3
       Phial of floods   |       |       |       |       |     3 |     2 |     4 |       ||     9
       Stone of tremors  |       |       |       |       |     2 |     1 |       |       ||     3
       Sack of spiders   |       |       |       |       |     1 |       |       |       ||     1
       Wand              |       |       |       |       |       |     2 |     6 |       ||     8
       Rod               |       |       |       |       |       |       |    12 |       ||    12
       Lamp of fire      |       |       |       |       |       |       |     2 |       ||     2
  Use: Potion            |     1 |       |       |       |     9 |     4 |     8 |     4 ||    26
       Scroll            |       |       |       |     2 |     1 |     6 |     6 |     1 ||    16
 Stab: Distracted        |       |       |       |     1 |     1 |     2 |     4 |       ||     8
       Invisible         |       |       |       |       |       |    23 |     5 |       ||    28
  Eat: Royal jelly       |       |       |       |     3 |     4 |     2 |       |       ||     9
       Fruit             |       |       |       |       |       |     1 |     1 |       ||     2
       Meat ration       |       |       |       |       |       |       |     2 |     2 ||     4
       Bread ration      |       |       |       |       |       |       |       |     1 ||     1
